[Event "ICC tourney 2978 (40 10)"]
[Site "Internet Chess Club"]
[Date "2022.08.06"]
[Round "2"]
[White "HO, COOPER:arsenicblast"]
[Black "GU, MINGHAO:mancogu"]
[Result "1/2-1/2"]
[ICCResult "Game drawn by mutual agreement"]
[WhiteElo "1893"]
[BlackElo "1727"]
[Opening "Sicilian: Najdorf"]
[ECO "B90"]
[NIC "SI.14"]
[Time "13:15:14"]
[PlyCount "91"]
[TimeControl "2400+10"]

1. e4 c5 2. Nf3 d6 3. d4 cxd4 4. Nxd4 Nf6 5. Nc3 a6 6. f3 e5 7. Nb3 Be7 8.
Be3 Be6 9. Qd2 O-O 10. O-O-O Nbd7 11. g4 Qc7 12. h4 b5 13. g5 Nh5 14. Nd5
Bxd5 15. exd5 Nb6 16. Qf2 Nc4 17. Bxc4 Qxc4 18. Rd3 Nf4 19. Bxf4 Qxf4+ 20.
Qe3 Qc4 21. Qe4 Rac8 22. Rh2 f5 23. gxf6 Qxe4 24. fxe4 Rxf6 25. Nd2 Rf4 26.
h5 Bg5 27. Kd1 Rg4 28. Nf3 Bh6 29. Ra3 Rf4 30. Nd2 Rg4 31. c4 Bxd2 32. Rxd2
Rxc4 33. Rxa6 Rg1+ 34. Ke2 Rxe4+ 35. Kf2 Rh1 36. Kg3 Rxh5 37. Rxd6 Rf4 38.
Re6 Rg5+ 39. Kh3 Rd4 40. Rxe5 Rxd2 41. Rxg5 Rxb2 42. d6 Rd2 43. Rxb5 Rxd6
44. a4 Rd3+ 45. Kg4 Ra3 46. Kf5 {Game drawn by mutual agreement} 1/2-1/2

[Event "ICC tourney 2978 (40 10)"]
[Site "Internet Chess Club"]
[Date "2022.08.06"]
[Round "2"]
[White "WEI, KEVIN:Kevinturtle"]
[Black "LOCHAM, DIVJOT SINGH:winner08"]
[Result "0-1"]
[ICCResult "White resigns"]
[WhiteElo "1604"]
[BlackElo "1750"]
[Opening "King's Indian: London system"]
[ECO "A48"]
[NIC "QP.03"]
[Time "13:15:34"]
[PlyCount "68"]
[TimeControl "2400+10"]

1. d4 Nf6 2. Nf3 g6 3. Bf4 Bg7 4. e3 d5 5. Nbd2 c5 6. c3 cxd4 7. exd4 Nc6 8.
Bd3 a6 9. O-O Nh5 10. Bg5 h6 11. Bh4 g5 12. Bg3 Nxg3 13. fxg3 Bg4 14. Qe1
Qc7 15. Qe3 O-O-O 16. b4 e5 17. dxe5 Nxe5 18. Nd4 Rhe8 19. Bf5+ Kb8 20. Kh1
Nf3 21. Qf2 Nxd4 22. Bxg4 Nc2 23. Rac1 Ne3 24. Bf3 Nxf1 25. Qxf1 Qe5 26. b5
a5 27. c4 d4 28. Bd5 Qe2 29. Qxf7 Qe7 30. Qf3 Rf8 31. Qd3 Qe3 32. Qxe3 dxe3
33. Ne4 e2 34. Re1 Rf1+ {White resigns} 0-1

[Event "ICC tourney 2978 (40 10)"]
[Site "Internet Chess Club"]
[Date "2022.08.06"]
[Round "3"]
[White "LENDERMAN, ALEKSANDR:manest"]
[Black "Nguyen, Hoa Duc:leoman"]
[Result "1/2-1/2"]
[ICCResult "Game drawn by mutual agreement"]
[WhiteElo "2521"]
[BlackElo "2469"]
[Opening "Grünfeld: 5.Bg5"]
[ECO "D91"]
[NIC "GI.08"]
[Time "15:31:02"]
[PlyCount "38"]
[TimeControl "2400+10"]

1. d4 Nf6 2. c4 g6 3. Nf3 Bg7 4. Nc3 d5 5. Bg5 Ne4 6. Bf4 Nxc3 7. bxc3 dxc4
8. e3 Be6 9. Qb1 b6 10. Ng5 Bd5 11. e4 h6 12. Nf3 Be6 13. Be5 O-O 14. Bxg7
Kxg7 15. d5 Bc8 16. Bxc4 Qd6 17. O-O e5 18. dxe6 Bxe6 19. Rd1 Qe7
{Game drawn by mutual agreement}
1/2-1/2

[Event "ICC tourney 2978 (40 10)"]
[Site "Internet Chess Club"]
[Date "2022.08.06"]
[Round "3"]
[White "MARKOVIC, GORAN:Goran21"]
[Black "RAMANATHAN, SURAJ:Suraj240704"]
[Result "1-0"]
[ICCResult "Black resigns"]
[WhiteElo "1940"]
[BlackElo "2149"]
[Opening "English opening"]
[ECO "A16"]
[NIC "EO.64"]
[Time "15:30:06"]
[PlyCount "85"]
[TimeControl "2400+10"]

1. c4 Nf6 2. Nc3 g6 3. Nf3 Bg7 4. g3 O-O 5. Bg2 d6 6. O-O e5 7. d3 h6 8. e4
a5 9. a3 Na6 10. Rb1 Nc5 11. b4 axb4 12. axb4 Ne6 13. b5 b6 14. Bd2 Bb7 15.
Ne2 Nd7 16. Ne1 Qc8 17. Qc1 Kh7 18. f4 f5 19. exf5 gxf5 20. Qc2 Bxg2 21.
Nxg2 Ndc5 22. fxe5 dxe5 23. g4 Nd4 24. Nxd4 exd4 25. gxf5 Rxf5 26. Bb4 Qf8
27. Bxc5 Qxc5 28. Qe2 Re5 29. Qf3 Rf8 30. Qg4 Bf6 31. Kh1 Rg8 32. Qf3 Bg5
33. Rbe1 Be3 34. Re2 Rg7 35. Nh4 Reg5 36. Qe4+ Kh8 37. Rg2 Rxg2 38. Nxg2 Bg5
39. h4 Be7 40. Nf4 Qd6 41. Ne6 Rh7 42. Qg6 Qd8 43. Nxd8 {Black resigns} 1-0

[Event "ICC tourney 2978 (40 10)"]
[Site "Internet Chess Club"]
[Date "2022.08.06"]
[Round "3"]
[White "GU, MINGHAO:mancogu"]
[Black "Jin, Xiaodong:SuperWJ"]
[Result "1/2-1/2"]
[ICCResult "Game drawn by mutual agreement"]
[WhiteElo "1727"]
[BlackElo "1592"]
[Opening "Sicilian: accelerated fianchetto, modern variation with Bc4"]
[ECO "B35"]
[NIC "KF.05"]
[Time "15:30:10"]
[PlyCount "38"]
[TimeControl "2400+10"]

1. e4 g6 2. d4 Bg7 3. Be3 c5 4. Nf3 Nc6 5. Nc3 cxd4 6. Nxd4 Nf6 7. Bc4 O-O
8. Bb3 d6 9. f3 Bd7 10. Qd2 Rc8 11. O-O-O Nxd4 12. Bxd4 b5 13. e5 dxe5 14.
Bxe5 Bc6 15. Nd5 Nxd5 16. Bxg7 Kxg7 17. Bxd5 Bxd5 18. Qxd5 Qc7 19. c3 a6
{Game drawn by mutual agreement}
1/2-1/2

[Event "ICC tourney 2978 (40 10)"]
[Site "Internet Chess Club"]
[Date "2022.08.06"]
[Round "3"]
[White "SHOLL, CRAIG H:craigsholl66"]
[Black "HE, JUSTIN SHANDONG:HeJustin"]
[Result "0-1"]
[ICCResult "White resigns"]
[WhiteElo "1644"]
[BlackElo "1329"]
[Opening "French defense"]
[ECO "C00"]
[NIC "FR.01"]
[Time "15:30:08"]
[PlyCount "52"]
[TimeControl "2400+10"]

1. e4 e6 2. Nf3 d5 3. exd5 exd5 4. d4 Bd6 5. Be2 Bg4 6. O-O Ne7 7. Nbd2 O-O
8. c4 c6 9. b3 Nd7 10. Bb2 Nf6 11. h3 Bh5 12. Ne5 Bxe2 13. Qxe2 Re8 14. Qf3
Ng6 15. Qf5 Qc8 16. Qxc8 Raxc8 17. Ndf3 Ne4 18. cxd5 cxd5 19. Rac1 Nf4 20.
Rfe1 f6 21. Rxc8 Rxc8 22. Bc1 fxe5 23. dxe5 Nd3 24. Rd1 Rxc1 25. Rxc1 Nxc1
26. exd6 Nxd6 {White resigns} 0-1

[Event "ICC tourney 2978 (40 10)"]
[Site "Internet Chess Club"]
[Date "2022.08.06"]
[Round "3"]
[White "Wang, Zachary:CupEnd"]
[Black "JIN, JERRY:MysteryHunter"]
[Result "1-0"]
[ICCResult "Black checkmated"]
[WhiteElo "1623"]
[BlackElo "1572"]
[Opening "Catalan: closed, main line"]
[ECO "E09"]
[NIC "CA.04"]
[Time "15:30:17"]
[PlyCount "135"]
[TimeControl "2400+10"]

1. d4 Nf6 2. c4 e6 3. g3 d5 4. Bg2 Be7 5. Nf3 O-O 6. O-O c6 7. Qc2 Nbd7 8.
Nbd2 Re8 9. e4 dxe4 10. Nxe4 Nxe4 11. Qxe4 Nf6 12. Qc2 Rb8 13. Rd1 b5 14.
Ne5 Bb7 15. Nxc6 Bxc6 16. Bxc6 Rf8 17. Bxb5 Qc7 18. Bf4 Bd6 19. Bxd6 Qxd6
20. Rac1 Rfc8 21. Qe2 Qb6 22. Rc2 h6 23. Ba4 Rd8 24. Rcd2 Qa5 25. Bb3 Rb7
26. Qe5 Qb6 27. d5 exd5 28. cxd5 Re8 29. Qd4 Qd6 30. Qa4 Re5 31. Qc6 Qe7 32.
d6 Qd7 33. Qxd7 Nxd7 34. Rc2 Re8 35. Rc7 Rxc7 36. dxc7 Nb6 37. Rd8 Rf8 38.
Ba4 f6 39. Bd7 Kf7 40. Rxf8+ Kxf8 41. c8=Q+ Nxc8 42. Bxc8 Ke7 43. Ba6 Kd6
44. b4 Kd5 45. b5 Kc5 46. Kg2 Kb4 47. Kf3 Ka3 48. Ke4 Kxa2 49. Kd5 Ka3 50.
Kc6 Ka4 51. Kb7 Ka5 52. Kxa7 Kb4 53. b6 Kc5 54. b7 Kc6 55. b8=Q g5 56. Qc8+
Kd6 57. Bc4 g4 58. Qe6+ Kc5 59. Qxf6 h5 60. Qg5+ Kxc4 61. Qxh5 Kd4 62. Qxg4+
Kc3 63. Kb6 Kd2 64. Kc5 Ke1 65. Kd4 Kf1 66. Ke3 Kg1 67. Qf3 Kf1 68. Qh1#
{Black checkmated}
1-0

[Event "ICC tourney 2978 (40 10)"]
[Site "Internet Chess Club"]
[Date "2022.08.06"]
[Round "3"]
[White "CHINNI, RISHABH:alphachesplayer"]
[Black "HO, CARTER:corviknight"]
[Result "0-1"]
[ICCResult "White resigns"]
[WhiteElo "1694"]
[BlackElo "2012"]
[Opening "Sicilian: Pelikan, Chelyabinsk variation"]
[ECO "B41"]
[NIC "SI.37"]
[Time "15:30:42"]
[PlyCount "62"]
[TimeControl "2400+10"]

1. e4 c5 2. Nf3 e6 3. d4 cxd4 4. Nxd4 Nf6 5. Nc3 Nc6 6. Ndb5 d6 7. Bf4 e5 8.
Bg5 a6 9. Na3 b5 10. Nd5 Be7 11. Bxf6 Bxf6 12. c3 O-O 13. Nc2 Bg5 14. a4
bxa4 15. Rxa4 a5 16. Bc4 Rb8 17. b3 Kh8 18. O-O g6 19. f4 exf4 20. Nxf4 Ne5
21. Bd5 Ba6 22. c4 Rxb3 23. Nd4 Rb4 24. Rxb4 axb4 25. Kh1 Qc8 26. Qa1 Bxc4
27. Bxc4 Bxf4 28. Bd5 Bd2 29. Qa7 Be3 30. Rd1 Ng4 31. Bxf7 Nf2+ {White
resigns} 0-1

[Event "ICC tourney 2978 (40 10)"]
[Site "Internet Chess Club"]
[Date "2022.08.06"]
[Round "3"]
[White "IVANOV, ALEXANDER:marble"]
[Black "MAMMADOV, ZAUR:zaur94"]
[Result "1/2-1/2"]
[ICCResult "Game drawn by repetition"]
[WhiteElo "2339"]
[BlackElo "2554"]
[Opening "French: Tarrasch"]
[ECO "C03"]
[NIC "FR.14"]
[Time "15:30:07"]
[PlyCount "102"]
[TimeControl "2400+10"]

1. e4 e6 2. d4 d5 3. Nd2 Be7 4. Bd3 c5 5. dxc5 Nf6 6. Qe2 O-O 7. Ngf3 a5 8.
O-O Na6 9. exd5 exd5 10. Nb3 a4 11. Nbd4 Nxc5 12. a3 Re8 13. Bb5 Bd7 14.
Bxd7 Qxd7 15. Qb5 Qc7 16. Re1 Nfe4 17. Be3 g6 18. Rad1 Bf6 19. Qb4 Qd7 20.
Nd2 h5 21. Nxe4 Nxe4 22. Ne2 Rac8 23. Nf4 Re5 24. c4 Be7 25. Qa5 Bd8 26. Qb4
Nf6 27. Nxd5 Nxd5 28. Rxd5 Rxd5 29. cxd5 Qxd5 30. Qxa4 Bf6 31. Rd1 Qf5 32.
Qb3 b5 33. h3 Rc4 34. Qd3 Qxd3 35. Rxd3 Bxb2 36. Rd5 Bxa3 37. Rxb5 Bc1 38.
Bxc1 Rxc1+ 39. Kh2 Kg7 40. h4 Rc4 41. g3 Rc2 42. Kg2 Rc3 43. Rb6 Rc4 44. Ra6
Rb4 45. Rd6 Ra4 46. Rc6 Rb4 47. Rd6 Ra4 48. Rc6 Rb4 49. Rd6 Ra4 50. Rc6 Rb4
51. Rd6 Ra4 {Game drawn by repetition} 1/2-1/2

[Event "ICC tourney 2978 (40 10)"]
[Site "Internet Chess Club"]
[Date "2022.08.06"]
[Round "3"]
[White "RAMASWAMY, PUDUR:clair"]
[Black "Guo, Anni:movingkid"]
[Result "1-0"]
[ICCResult "Black resigns"]
[WhiteElo "1603"]
[BlackElo "1759"]
[Opening "Queen's pawn: London system"]
[ECO "A45"]
[NIC "QP.07"]
[Time "15:30:19"]
[PlyCount "113"]
[TimeControl "2400+10"]

1. d4 Nf6 2. Bf4 e6 3. e3 d5 4. Nf3 Bd6 5. Bg3 c5 6. c3 Nc6 7. Nbd2 O-O 8.
Ne5 Qc7 9. f4 b6 10. Bd3 Ne7 11. O-O a5 12. Bh4 Ng6 13. Bxf6 gxf6 14. Rf3
fxe5 15. fxe5 Be7 16. Rh3 Bd8 17. Qh5 f5 18. exf6 Rxf6 19. Nf3 Ba6 20. Bxg6
Rxg6 21. Ne5 Rg5 22. Qe8+ Kg7 23. Rf3 Rxe5 24. Qf8+ Kg6 25. dxe5 Rc8 26.
Qg8+ Kh5 27. Rh3+ Bh4 28. Qg3 Qe7 29. Qf3+ Kg6 30. Qg4+ Bg5 31. Qh5+ Kf5 32.
Rf3+ Ke4 33. Rf7 Qd8 34. Qxh7+ Kxe5 35. Qh5 Kd6 36. Qf3 Be7 37. e4 Bb7 38.
Rd1 Kc7 39. Qf4+ Qd6 40. e5 Qd7 41. Rf1 Re8 42. Qh6 Kd8 43. Qh7 Ba6 44. R1f2
Qa4 45. h4 Qd1+ 46. Kh2 Qe1 47. h5 Qxe5+ 48. g3 Rh8 49. Qg6 Qxh5+ 50. Qxh5
Rxh5+ 51. Kg2 Bd3 52. Rg7 Be4+ 53. Kf1 Rh1+ 54. Ke2 Rh6 55. Rff7 Rh2+ 56.
Ke3 d4+ 57. cxd4 {Black resigns} 1-0

[Event "ICC tourney 2978 (40 10)"]
[Site "Internet Chess Club"]
[Date "2022.08.06"]
[Round "3"]
[White "LOCHAM, DIVJOT SINGH:winner08"]
[Black "Vittal, Sanjana:MCTS13"]
[Result "0-1"]
[ICCResult "White checkmated"]
[WhiteElo "1750"]
[BlackElo "1945"]
[Opening "Scotch game"]
[ECO "C45"]
[NIC "SO.04"]
[Time "15:30:32"]
[PlyCount "134"]
[TimeControl "2400+10"]

1. e4 e5 2. Nf3 Nc6 3. d4 exd4 4. Nxd4 Bb4+ 5. c3 Bc5 6. Be3 Bb6 7. Nd2 Nf6
8. Bd3 O-O 9. Qc2 Ng4 10. O-O-O Nxe3 11. fxe3 d6 12. h3 Ne5 13. Be2 Qg5 14.
Kb1 Qxe3 15. N2f3 Ng6 16. Rd3 Qxe4 17. g3 Ne5 18. Rdd1 Qxc2+ 19. Kxc2 Nxf3
20. Bxf3 a5 21. g4 a4 22. Nb5 Bd7 23. Na3 Bc6 24. Bxc6 bxc6 25. Nc4 Bc5 26.
Rhe1 Rfe8 27. Rxe8+ Rxe8 28. Na5 Kf8 29. Nxc6 Re3 30. Rd3 Re4 31. Nd4 Ke8
32. Nf5 g6 33. Ng3 Re5 34. Rf3 d5 35. h4 h6 36. h5 Rg5 37. hxg6 fxg6 38. Rf4
Bd6 39. Rf3 Rxg4 40. Ne2 h5 41. Nd4 h4 42. Nb5 Ke7 43. Nxd6 Kxd6 44. Kd3 Rg3
45. Rxg3 hxg3 46. Ke2 Ke5 47. Kf3 g2 48. Kxg2 Ke4 49. Kg3 Kd3 50. Kf4 Kc2
51. b3 a3 52. Kg5 Kb2 53. Kxg6 Kxa2 54. Kf5 Kxb3 55. Ke5 Kxc3 56. Kxd5 a2
57. Kc6 a1=Q 58. Kxc7 Qa6 59. Kd7 Qb6 60. Ke7 Qc6 61. Kf7 Qd6 62. Kg7 Qe6
63. Kh7 Qg4 64. Kh6 Kd4 65. Kh7 Ke5 66. Kh6 Kf6 67. Kh7 Qg7# {White
checkmated} 0-1

[Event "ICC tourney 2978 (40 10)"]
[Site "Internet Chess Club"]
[Date "2022.08.06"]
[Round "3"]
[White "WANG, TED:tedwpnw"]
[Black "QI, JENNY:eevee11"]
[Result "1-0"]
[ICCResult "Black checkmated"]
[WhiteElo "1908"]
[BlackElo "1425"]
[Opening "Scandinavian defense"]
[ECO "B01"]
[NIC "SD.03"]
[Time "15:30:08"]
[PlyCount "113"]
[TimeControl "2400+10"]

1. e4 d5 2. exd5 Nf6 3. d4 Qxd5 4. Nc3 Qd6 5. Nf3 g6 6. Ne5 Bg7 7. Bf4 Nh5
8. Be3 O-O 9. Be2 Nf6 10. Qd2 Be6 11. g4 Nc6 12. f4 a6 13. h4 Rad8 14. O-O-O
Bd5 15. Rh3 Ne4 16. Nxe4 Bxe4 17. a3 Nxe5 18. fxe5 Qc6 19. Qc3 Qxc3 20. bxc3
c5 21. Bf2 cxd4 22. cxd4 Rc8 23. Bd3 Bxd3 24. Rhxd3 Rfd8 25. Be3 Rd7 26. Kb2
Rdc7 27. R1d2 e6 28. Rb3 b5 29. h5 Rc4 30. Rbd3 a5 31. h6 Bf8 32. g5 Be7 33.
Rb3 b4 34. a4 Rc3 35. Bf4 Rxb3+ 36. cxb3 Rc3 37. d5 Rf3 38. d6 Bd8 39. Rc2
Kf8 40. Bc1 Rf5 41. Rc5 Ke8 42. Be3 Rf3 43. Bd4 Rf5 44. Rb5 Rxg5 45. Rb7
Rg2+ 46. Kb1 Rh2 47. d7+ Kf8 48. Bc5+ Kg8 49. Rb8 Rh1+ 50. Kc2 Rh2+ 51. Kd1
Rh1+ 52. Ke2 Rh2+ 53. Kf1 Rh1+ 54. Kg2 Rxh6 55. Rxd8+ Kg7 56. Bf8+ Kg8 57.
Bxh6# {Black checkmated} 1-0

[Event "ICC tourney 2978 (40 10)"]
[Site "Internet Chess Club"]
[Date "2022.08.06"]
[Round "3"]
[White "SRIPADA, HAVISH:brilliantnessme"]
[Black "FILIPOVICH, DAVID MICHAEL:dmfcan"]
[Result "1-0"]
[ICCResult "Black resigns"]
[WhiteElo "1945"]
[BlackElo "2050"]
[Opening "Caro-Kann: advance variation"]
[ECO "B12"]
[NIC "CK.04"]
[Time "15:30:14"]
[PlyCount "107"]
[TimeControl "2400+10"]

1. e4 c6 2. d4 d5 3. e5 Bf5 4. Nf3 e6 5. Be2 Nd7 6. O-O Ne7 7. Nbd2 Nc8 8.
a4 Be7 9. a5 O-O 10. Ne1 f6 11. f4 fxe5 12. fxe5 c5 13. c3 Bg5 14. Nb3 Bxc1
15. Qxc1 cxd4 16. cxd4 Ne7 17. Nd3 Rc8 18. Qd2 Nc6 19. Ndc5 Ncxe5 20. Nxe6
Bxe6 21. Rxf8+ Qxf8 22. dxe5 Nxe5 23. Qe3 Qd6 24. Qxa7 Qb4 25. Qe3 Qe4 26.
Qxe4 dxe4 27. Nd4 Bd7 28. Kf2 Nc6 29. Nxc6 Rxc6 30. Ke3 Rc2 31. Rd1 Bc6 32.
Rd2 Rc1 33. Rd1 Rc2 34. Rb1 Kf7 35. b4 Rc3+ 36. Kd4 Ra3 37. b5 Bd7 38. a6
bxa6 39. b6 Bc6 40. b7 Bxb7 41. Rxb7+ Kf6 42. Rb6+ Kf5 43. Rxa6 Rb3 44. Ra5+
Kf6 45. Kxe4 Rb2 46. Ke3 Rb3+ 47. Kf2 Rb2 48. Ra6+ Kf7 49. Ke3 Rb3+ 50. Kf4
Rb2 51. Bf3 Rb4+ 52. Ke5 Rh4 53. Bd5+ Ke7 54. Ra7+ {Black resigns} 1-0

[Event "ICC tourney 2978 (40 10)"]
[Site "Internet Chess Club"]
[Date "2022.08.06"]
[Round "4"]
[White "HO, COOPER:arsenicblast"]
[Black "Wang, Zachary:CupEnd"]
[Result "1-0"]
[ICCResult "Black resigns"]
[WhiteElo "1893"]
[BlackElo "1623"]
[Opening "Petrov: Nimzovich attack"]
[ECO "C42"]
[NIC "RG.03"]
[Time "17:45:09"]
[PlyCount "101"]
[TimeControl "2400+10"]

1. e4 e5 2. Nf3 Nf6 3. Nxe5 d6 4. Nf3 Nxe4 5. Nc3 Nxc3 6. dxc3 Be7 7. Be3
O-O 8. Qd2 Bg4 9. O-O-O Nd7 10. Be2 Nf6 11. h3 Be6 12. g4 Nd5 13. Bg5 Bxg5
14. Nxg5 Qf6 15. Bd3 h6 16. Nh7 Qf4 17. Nxf8 Rxf8 18. Qxf4 Nxf4 19. Be4 b6
20. b3 Re8 21. Bc6 Re7 22. c4 f5 23. gxf5 Bxf5 24. Rde1 Rxe1+ 25. Rxe1 Nxh3
26. Bd5+ Kh7 27. f3 Nf4 28. Be4 Bxe4 29. Rxe4 Ng6 30. Kd2 h5 31. Re8 h4 32.
Ke2 Kh6 33. Rc8 Kg5 34. Rxc7 h3 35. Kf2 Kh6 36. Kg3 Nf4 37. Rd7 Kg6 38.
Rxd6+ Kf5 39. Rd8 g5 40. Ra8 Ne2+ 41. Kxh3 Nd4 42. Kg3 Nxc2 43. Rxa7 Nd4 44.
Rb7 Ne2+ 45. Kf2 Nc3 46. Rxb6 Nxa2 47. c5 Nc3 48. c6 Nd5 49. Rb5 Ke6 50.
Rxd5 Kxd5 51. c7 {Black resigns} 1-0

[Event "ICC tourney 2978 (40 10)"]
[Site "Internet Chess Club"]
[Date "2022.08.06"]
[Round "4"]
[White "FILIPOVICH, DAVID MICHAEL:dmfcan"]
[Black "RAMASWAMY, PUDUR:clair"]
[Result "1-0"]
[ICCResult "Black resigns"]
[WhiteElo "2050"]
[BlackElo "1603"]
[Opening "Neo-Grünfeld, 6.O-O"]
[ECO "D77"]
[NIC "GI.02"]
[Time "17:46:04"]
[PlyCount "47"]
[TimeControl "2400+10"]

1. Nf3 g6 2. g3 Bg7 3. Bg2 d5 4. d4 Nf6 5. O-O O-O 6. c4 c5 7. dxc5 Nc6 8.
Nc3 d4 9. Nb5 a6 10. Nbxd4 Nxd4 11. Qxd4 Qa5 12. Bd2 Qc7 13. Bf4 Qa5 14. Bd2
Qc7 15. Bc3 Rd8 16. Qe5 Qd7 17. Qf4 Qc6 18. Rfd1 Be6 19. Nd4 Qxc5 20. Nxe6
fxe6 21. Bxb7 Nh5 22. Qe4 Bxc3 23. Bxa8 Bxb2 24. Rxd8+ {Black resigns} 1-0

[Event "ICC tourney 2978 (40 10)"]
[Site "Internet Chess Club"]
[Date "2022.08.06"]
[Round "4"]
[White "Nguyen, Hoa Duc:leoman"]
[Black "SRIPADA, HAVISH:brilliantnessme"]
[Result "1-0"]
[ICCResult "Black resigns"]
[WhiteElo "2469"]
[BlackElo "1945"]
[Opening "Queen's gambit declined"]
[ECO "D30"]
[NIC "QP.08"]
[Time "17:45:28"]
[PlyCount "71"]
[TimeControl "2400+10"]

1. d4 d5 2. c4 e6 3. Nf3 Nf6 4. g3 Bb4+ 5. Nbd2 O-O 6. Bg2 b6 7. O-O Bb7 8.
Ne5 Nbd7 9. Qa4 Bd6 10. cxd5 exd5 11. Nxd7 Nxd7 12. Nc4 Be7 13. Bf4 a5 14.
Rac1 Ra7 15. Ne3 c6 16. Nf5 Bg5 17. Bxg5 Qxg5 18. Nd6 Ba8 19. e4 Qf6 20. e5
Qe6 21. f4 b5 22. Qd1 f5 23. Bh3 g6 24. g4 Nb6 25. Kh1 Rg7 26. gxf5 gxf5 27.
Rg1 Rg6 28. Qh5 Kh8 29. Bxf5 Rxg1+ 30. Rxg1 Qe7 31. Qh6 Rg8 32. Rxg8+ Kxg8
33. Be6+ Kh8 34. Nf7+ Kg8 35. Ng5+ Kh8 36. Bf7 {Black resigns} 1-0

[Event "ICC tourney 2978 (40 10)"]
[Site "Internet Chess Club"]
[Date "2022.08.06"]
[Round "4"]
[White "MARKOVIC, GORAN:Goran21"]
[Black "IVANOV, ALEXANDER:marble"]
[Result "0-1"]
[ICCResult "White resigns"]
[WhiteElo "1940"]
[BlackElo "2339"]
[Opening "English opening"]
[ECO "A10"]
[NIC "EO.64"]
[Time "17:45:16"]
[PlyCount "118"]
[TimeControl "2400+10"]

1. c4 g6 2. Nc3 Bg7 3. g3 e5 4. Bg2 Ne7 5. Nf3 f5 6. d3 O-O 7. O-O d6 8. Rb1
h6 9. Bd2 c6 10. b4 d5 11. cxd5 cxd5 12. Qb3 Kh7 13. Rfc1 e4 14. Ne1 Nbc6
15. e3 Ne5 16. Nb5 N7c6 17. Na3 Be6 18. d4 Nc4 19. Nxc4 dxc4 20. Qa4 a6 21.
b5 axb5 22. Qxb5 Rxa2 23. Qxb7 Nxd4 24. exd4 Rxd2 25. Nc2 Rf7 26. Qb4 Rd3
27. Bf1 Rb3 28. Qa4 Qb6 29. Ra1 Rc7 30. Qa8 Rc8 31. Qa4 Rb2 32. Rd1 Qb3 33.
Ne3 c3 34. Qa6 c2 35. Rdc1 Bxd4 36. Ra3 Qb6 37. Qe2 Qc5 38. Ra6 Bxe3 39.
fxe3 Rb1 40. Qd2 Rxc1 41. Qxc1 Bc4 42. Ra1 Bxf1 43. Kxf1 Rd8 44. Qe1 Rd3 45.
Kf2 g5 46. h4 gxh4 47. gxh4 f4 48. Qc1 Qxe3+ 49. Qxe3 fxe3+ 50. Ke2 Rd1 51.
Rxd1 cxd1=Q+ 52. Kxd1 Kg6 53. Ke2 Kh5 54. Kxe3 Kxh4 55. Kxe4 Kg3 56. Kf5 h5
57. Ke4 h4 58. Ke3 h3 59. Ke2 h2 {White resigns} 0-1

[Event "ICC tourney 2978 (40 10)"]
[Site "Internet Chess Club"]
[Date "2022.08.06"]
[Round "4"]
[White "Turcotte, Jonathan:JonnyTurgi"]
[Black "CHINNI, RISHABH:alphachesplayer"]
[Result "1-0"]
[ICCResult "Black checkmated"]
[WhiteElo "2000"]
[BlackElo "1694"]
[Opening "Queen's Indian: Yates variation"]
[ECO "E11"]
[NIC "QI.01"]
[Time "17:45:07"]
[PlyCount "79"]
[TimeControl "2400+10"]

1. d4 Nf6 2. c4 e6 3. Nf3 Bb4+ 4. Bd2 a5 5. g3 b6 6. Bg2 Bb7 7. O-O Bxd2 8.
Qxd2 O-O 9. Re1 d6 10. Qf4 Nc6 11. Nc3 Qe7 12. e4 e5 13. Qd2 exd4 14. Nxd4
Nxd4 15. Qxd4 c5 16. Qd2 Rae8 17. Rad1 Rd8 18. f4 Rfe8 19. Qc2 Bc6 20. e5
Bxg2 21. exf6 Qxe1+ 22. Rxe1 Rxe1+ 23. Kxg2 gxf6 24. Qd2 Rde8 25. Qxd6 R8e6
26. Qd2 Kg7 27. f5 R6e5 28. h4 h5 29. Qf4 Ra1 30. Qf3 Kh6 31. Ne4 Rxa2 32.
Nxf6 Rxb2+ 33. Kh3 Ree2 34. Qxh5+ Kg7 35. Qg5+ Kf8 36. Qg8+ Ke7 37. Nd5+ Kd6
38. Qb8+ Kd7 39. Qc7+ Ke8 40. Qc8# {Black checkmated} 1-0

[Event "ICC tourney 2978 (40 10)"]
[Site "Internet Chess Club"]
[Date "2022.08.06"]
[Round "4"]
[White "RAMANATHAN, SURAJ:Suraj240704"]
[Black "WANG, TED:tedwpnw"]
[Result "1/2-1/2"]
[ICCResult "Game drawn by mutual agreement"]
[WhiteElo "2149"]
[BlackElo "1908"]
[Opening "English opening"]
[ECO "A05"]
[NIC "QP.11"]
[Time "17:45:17"]
[PlyCount "122"]
[TimeControl "2400+10"]

1. Nf3 Nf6 2. c4 g6 3. Nc3 Bg7 4. g3 O-O 5. Bg2 d6 6. O-O Nbd7 7. d3 e5 8.
Bd2 Nh5 9. b4 f5 10. Rb1 h6 11. e4 f4 12. Ne1 Ndf6 13. Bf3 Bh3 14. Ng2 Qd7
15. Nd5 c6 16. Nxf6+ Nxf6 17. Qb3 g5 18. Be2 Kh8 19. f3 h5 20. Rf2 Bh6 21.
gxf4 exf4 22. d4 Bxg2 23. Rxg2 Rg8 24. Rf1 Raf8 25. Qd3 h4 26. Kh1 Nh5 27.
Rg4 Nf6 28. h3 Nxg4 29. hxg4 Bg7 30. Rc1 Rd8 31. Bd1 Rge8 32. Bb3 c5 33. d5
Be5 34. bxc5 dxc5 35. Qc2 Qd6 36. Ba4 Re7 37. Rb1 b6 38. Bc6 Rc7 39. Bb5 Re7
40. Rb3 Kh7 41. a4 a5 42. Bc6 Rb8 43. Qb1 Qc7 44. Be1 Kg6 45. Rd3 Qd6 46.
Rd1 Kf7 47. Bb5 Kg7 48. Qd3 Kh6 49. Bc3 Kg6 50. Qc2 Kh6 51. Qb2 Kg6 52. Bxe5
Rxe5 53. Bc6 Kh6 54. Rb1 Kg6 55. Qb5 Kf6 56. Qb2 Kg6 57. Qc3 Kf6 58. Rb5 Ke7
59. Qb2 Qc7 60. Rb3 Kd6 61. Bb5 Qa7 {Game drawn by mutual agreement} 1/2-1/2

[Event "ICC tourney 2978 (40 10)"]
[Site "Internet Chess Club"]
[Date "2022.08.06"]
[Round "4"]
[White "GU, MINGHAO:mancogu"]
[Black "QI, JENNY:eevee11"]
[Result "1-0"]
[ICCResult "Black forfeits on time"]
[WhiteElo "1727"]
[BlackElo "1425"]
[Opening "Ruy Lopez: 5.O-O"]
[ECO "C78"]
[NIC "RL.12"]
[Time "17:45:19"]
[PlyCount "79"]
[TimeControl "2400+10"]

1. e4 e5 2. Nf3 Nc6 3. Bb5 a6 4. Ba4 Nf6 5. O-O b5 6. Bb3 Bc5 7. d3 O-O 8.
a4 Rb8 9. axb5 axb5 10. Bg5 h6 11. Bh4 d6 12. h3 Nd4 13. Nxd4 Bxd4 14. c3
Bb6 15. Na3 b4 16. Nc4 bxc3 17. bxc3 Be6 18. Nxb6 Bxb3 19. Qxb3 Rxb6 20. Qc2
g5 21. Bg3 Nh5 22. Bh2 f6 23. Rab1 Ra6 24. Rb7 Ra8 25. Qb3+ Rf7 26. Qd5 Kf8
27. Rfb1 Ng7 28. c4 Re7 29. f3 Ne6 30. Kh1 Nd4 31. c5 dxc5 32. Qxc5 Qd6 33.
Qc4 Qe6 34. Rxc7 Qxc4 35. Rxc4 Ra3 36. Rd1 Rb7 37. Bg1 Ne6 38. Rc2 Rd7 39.
Rcd2 Kf7 40. d4 {Black forfeits on time} 1-0